 Dungeon Crawl Stone Soup version 0.29-a0-791-ga0f254aafb (webtiles) character file.

Game seed: 16563145121520221513

30 Malachi the Trooper (level 3, -2/29 HPs)
             Began as a Demonspawn Monk on July 3, 2022.
             Slain by a gnoll
             ... wielding a +0 flail
              (7 damage)
             ... on level 2 of the Dungeon.
             The game lasted 00:01:14 (1507 turns).

Malachi the Trooper (Demonspawn Monk)               Turns: 1507, Time: 00:01:15

Health: -2/29      AC:  2    Str: 11    XL:     3   Next: 5%
Magic:  3/3        EV: 13    Int: 11    God:
Gold:   75         SH:  0    Dex: 17    Spells: 2/2 levels left

rFire   . . .      SeeInvis .   h - +2 dagger (venom)
rCold   + . .      Faith    .   (no shield)
rNeg    . . .      Spirit   .   b - +0 robe
rPois   .          Reflect  .   (no helmet)
rElec   .          Harm     .   (no cloak)
rCorr   .          Rampage  .   (no gloves)
Will    .....                   (no boots)
Stlth   ++........              (no amulet)
HPRegen 0.09/turn               g - ring of protection from cold
MPRegen 0.08/turn               (no ring)

@: no status effects
A: foul stench 1
a: no special abilities


You were on level 2 of the Dungeon.
You visited 1 branch of the dungeon, and saw 2 of its levels.

You collected 75 gold pieces.

Inventory:

Hand Weapons
 a - a +0 falchion
 h - a +2 dagger of venom (weapon)
Armour
 b - a +0 robe (worn)
Jewellery
 g - a ring of protection from cold (left hand)
Scrolls
 d - a scroll of identify {unknown}
 e - a scroll of amnesia {unknown}
 f - a scroll of noise {unknown}
 j - a scroll of enchant armour {unknown}
Potions
 c - a potion of ambrosia
 i - a potion of cancellation {unknown}
 k - a potion of resistance {unknown}


   Skills:
 * Level 3.5 Fighting
 * Level 3.3 Long Blades
 - Level 2.8 Dodging
 - Level 1.7 Stealth


You had 2 spell levels left.
You didn't know any spells.
Your spell library contained the following spells:

 Spells                   Type           Power      Damage    Failure   Level
 Ensorcelled Hibernation  Hex/Ice        0%         N/A       47%         2
 Spider Form              Tmut/Pois      0%         N/A       71%         3
 Anguish                  Hex/Necr       0%         N/A       98%         4


Dungeon Overview and Level Annotations

Branches:
Dungeon (2/15)

Altars:


Innate Abilities, Weirdness & Mutations

You may rarely emit foul miasma when damaged in melee.


Message History

You are frozen.
You resist.
You hit the endoplasm but do no damage. The endoplasm freezes you.
You are frozen.
You resist.
You hit the endoplasm.
The endoplasm is severely wounded.
You hit the endoplasm.
You kill the endoplasm!
No target in view!
k - a bubbling puce potion A gnoll comes into view.
It is wielding a +0 halberd.
A gnoll is nearby!
A gnoll is nearby!
A gnoll is nearby!
The gnoll shouts!
You hear a shout! x3
The gnoll barely misses you. The gnoll hits you with a +0 halberd!
You hit the gnoll.
The gnoll is poisoned.
The gnoll is lightly wounded.
You hear a shout!
The gnoll hits you with a +0 halberd!
You are too injured to fight recklessly!
You are too injured to fight recklessly!
You are too injured to fight recklessly!
You are too injured to fight recklessly!
Unknown command.
You hit the gnoll.
The gnoll looks as sick as possible!
The gnoll is moderately wounded.
A gnoll comes into view. It is wielding a +0 flail.
You closely miss the gnoll. You hit the gnoll but do no damage.
The gnoll is poisoned.
The gnoll completely misses you.
You hit the gnoll.
The gnoll looks as sick as possible!
The gnoll is moderately wounded.
The gnoll hits you with a +0 flail!
* * * LOW HITPOINT WARNING * * *
You hit the gnoll but do no damage.
The gnoll looks as sick as possible!
The gnoll is moderately wounded.
The gnoll hits you with a +0 flail!
You die...

#.#......#[##.##.##.#
#.#..#.#.#.##.##.##.#
#......#.........##.#
#.#.##.#.#....#####.#
#.#)##.#.####.#####.#
#.....†..##.........#
######.####.....#####
#.#.###.....#
#.###@##....)# #.#
##g#.....# ##
########


You could see a gnoll (extremely poisoned).

Vanquished Creatures
  A dart slug (D:1)
  3 bats (D:1)
  An endoplasm (D:2)
  A giant cockroach (D:1)
  4 goblins
  3 hobgoblins
  A quokka (D:2)
  3 ball pythons
  A frilled lizard (D:2)
  5 kobolds
  2 rats (D:2)
25 creatures vanquished.

Notes
Turn   | Place    | Note
-------+----------+-------------------------------------------
     0 | D:1      | Malachi the Demonspawn Monk began the quest for the Orb.
     0 | D:1      | Reached XP level 1. HP: 18/18 MP: 1/1
   343 | D:1      | Gained mutation: You may rarely emit foul miasma when
                  | damaged in melee. [demonic ancestry]
   343 | D:1      | Reached XP level 2. HP: 24/24 MP: 2/2
  1444 | D:2      | Reached XP level 3. HP: 29/29 MP: 3/3
  1507 | D:2      | Slain by a gnoll

Illustrated notes

Levels and vault maps discovered:
D:1:      evilmike_arrival_grusome_pit, layout_basic, serial_forest,
          infiniplex_forest_lined_1, infiniplex_forest_lined_2,
          infiniplex_forest_end_1, infiniplex_forest_lined_corner,
          infiniplex_forest_lined_room_, hangedman_decor_push,
          minmay_misc_feat_secret_circle, chequers_arboretum,
          minmay_tetromino_s4
D:2:      layout_loops_cross, hellmonk_ecumenical_altar_crossroads,
          minmay_misc_feat_enclosed, uniq_terence

Skill      XL: |  1 |
---------------+----+-----
Long Blades    | 3 |  3.3
Fighting       | |  3.5
Dodging        | |  2.8
Stealth        | |  1.7

Action                   || total
-------------------------++-------
Melee: Falchion          ||    64
       Dagger            ||    14
       Punch             ||     1
 Stab: Sleeping          ||     6
Armor: Robe              ||    12
Dodge: Dodged            ||    53

Table legend: (Time is in decaauts)
 A = Elapsed time spent in this place.
 B = Non-inter-level travel time spent in this place.
 C = Inter-level travel time spent in this place.
 D = Time resting spent in this place.
 E = Time spent auto-exploring this place.
 F = Levels seen in this place.
 G = Mean time per level.
                   A        B        C        D        E       F      G
               +--------+--------+--------+--------+--------+-----+--------+
         Total |   1515 |   1474 |     41 |    210 |   1038 |   2 |  757.5 |
       Dungeon |   1515 |   1474 |     41 |    210 |   1038 |   2 |  757.5 |
               +--------+--------+--------+--------+--------+-----+--------+

Top non-repeatable levels by time:
     D:1: 994 daAuts
     D:2: 520 daAuts
